 Dungeon Crawl Stone Soup version 0.25.1-2-g60ff931df9 (webtiles) character file.

Game seed: 12888216773593097007

7 KarvaRausku the Conjurer (level 1, -1/14 HPs)
             Began as a Draconian Conjurer on July 18, 2020.
             Slain by a goblin
             ... wielding a +0 club
             ... led by Robin
              (6 damage)
             ... on level 2 of the Dungeon on Sept 9, 2020.
             The game lasted 00:01:04 (436 turns).

KarvaRausku the Conjurer (Draconian Conjurer)        Turns: 436, Time: 00:01:05

Health: -1/14      AC:  5    Str: 10    XL:     1   Next: 83%
Magic:  2/3        EV: 12    Int: 15    God:
Gold:   13         SH:  0    Dex: 11    Spells: 3/4 levels left

rFire    . . .     SeeInvis .   d - +0 club
rCold    . . .     Gourm    .   (no shield)
rNeg     . . .     Faith    .   (armour unavailable)
rPois    .         Spirit   .   (helmet restricted)
rElec    .         Reflect  .   f - +0 cloak
rCorr    .         Harm     .   (no gloves)
MR       .....                  (no boots)
Stlth    ++........             (no amulet)
HPRegen  0.04/turn              (no ring)
MPRegen  0.08/turn              (no ring)

@: no status effects
A: unfitting armour, cold-blooded, AC +4
a: no special abilities


You were on level 2 of the Dungeon.
You were not hungry.

You visited 1 branch of the dungeon, and saw 2 of its levels.

You collected 13 gold pieces.

Inventory:

Hand Weapons
 d - a +0 club (weapon)
Armour
 f - a +0 cloak (worn)
Scrolls
 c - 3 scrolls of identify {unknown}
 e - a scroll of amnesia {unknown}
Potions
 a - a potion of might {unknown}
Comestibles
 b - 4 rations


   Skills:
 + Level 0.2 Maces & Flails
 + Level 1.7 Dodging
 + Level 1.7 Stealth
 + Level 2.0 Spellcasting
 + Level 4.3 Conjurations


You had 3 spell levels left.
You knew the following spells:

 Your Spells              Type           Power        Failure   Level  Hunger
a - Magic Dart            Conj           ##..         3%          1    #......

Your spell library contained the following spells:

 Spells                   Type           Power        Failure   Level  Hunger
 Searing Ray              Conj           ##....       5%          2    ###....
 Dazzling Flash           Conj/Hex       #.....       26%         3    ###....
 Fulminant Prism          Conj/Hex       #.........   65%         4    #####..
 Iskenderun's Mystic Bla  Conj/Tloc      #.......     65%         4    #####..


Dungeon Overview and Level Annotations

Branches:
Dungeon (1/15)

Altars:

Annotations:
D:2 Robin


Innate Abilities, Weirdness & Mutations

Your plain brown scales are hard. (AC +4)
You cannot fit into any form of body armour.
You are cold-blooded and may be slowed by cold attacks.


Message History

You barely miss the goblin. The goblin hits you with a +0 club.
The goblin closely misses you.
You barely miss the goblin. The goblin barely misses you.
You hit the goblin.
The goblin is severely wounded.
Robin roars a battlecry!
The goblins go into a battle-frenzy!
The goblin barely misses you.
You hear a shout! x2
You completely miss the goblin.
The goblin is heavily wounded.
Robin throws the goblin at you! The goblin hits you with a +0 club. x2
You barely miss the goblin. The goblin hits you but does no damage.
The goblin hits you with a +0 club.
You closely miss the goblin. The goblin misses you.
Robin's horned helmet rattles.
A goblin comes into view.
The goblin closely misses you. The goblin hits you but does no damage.
You barely miss the goblin. The goblin hits you with a +0 club.
You die...

#. #. #. #.#####
#.....######
#.....gg.ggg #.....#
#(#g############
#gg@g........#
#.##########.#
#.......####.######
....................
.#.#####<####.#####.#
..#.# #.# #.# .# #.#
#.# #.# #.
..#####.####.#
#.......#.#


You could see Robin, a hobgoblin (strong) and 2 goblins.

Vanquished Creatures
  2 goblins (D:2)
  A hobgoblin (D:1)
  2 kobolds (D:2)
  A rat (D:1)
6 creatures vanquished.

Notes
Turn   | Place    | Note
-------+----------+-------------------------------------------
     0 | D:1      | KarvaRausku the Draconian Conjurer began the quest for the
                  | Orb.
     0 | D:1      | Reached XP level 1. HP: 14/14 MP: 3/3
   235 | D:1      | You fall into a shaft and drop 1 floor!
   236 | D:2      | Upgraded the game from 0.25.1-1-g288607f5aa to
                  | 0.25.1-2-g60ff931df9
   422 | D:2      | Noticed Robin
   436 | D:2      | Slain by a goblin

Illustrated notes

Levels and vault maps discovered:
D:1:      mushboom_english_gardens, layout_loops_ring, eino_curves_01, hex_tiny
D:2:      layout_basic, old_standard_altar, chequers_mini_garden, uniq_robin

Action                   || total
-------------------------++-------
Melee: Club              ||    18
       Unarmed           ||     6
       Tailslap          ||     1
 Cast: Magic Dart        ||     8
Armor: Skin              ||     5
Dodge: Dodged            ||    18
